 Dungeon Crawl Stone Soup version 0.29-a0-723-gce39da1c22 (webtiles) character file.

Game seed: 7103401908254811994

2606 bande the Cleaver (level 9, -7/55 HPs)
             Began as a Gargoyle Fighter on June 28, 2022.
             Was an Initiate of Okawaru.
             Mangled by a wyvern (12 damage)
             ... on level 6 of the Dungeon.
             The game lasted 00:14:14 (10194 turns).

bande the Cleaver (Gargoyle Fighter)               Turns: 10194, Time: 00:14:15

Health: -7/55      AC: 20    Str: 19    XL:     9   Next: 59%
Magic:  9/9        EV:  9    Int: 10    God:    Okawaru [......]
Gold:   415        SH:  5    Dex: 13    Spells: 8/8 levels left

rFire   . . .      SeeInvis .   a - +1 war axe
rCold   . . .      Faith    +   c - +0 buckler
rNeg    + . .      Spirit   .   b - +0 scale mail
rPois   ∞          Reflect  .   p - +1 helmet
rElec   +          Harm     .   (no cloak)
rCorr   +          Rampage  .   (no gloves)
Will    .....                   e - +2 pair of boots
Stlth   ..........              r - amulet of faith
HPRegen 0.18/turn               m - ring of resist corrosion
MPRegen 0.11/turn               u - ring of flight

@: flying
A: sickness immunity, AC +6, negative energy resistance 1, electricity
resistance, torment resistance 1, petrification resistance
a: Renounce Religion


You were on level 6 of the Dungeon.
You worshipped Okawaru.
Okawaru was noncommittal.
You visited 2 branches of the dungeon, and saw 7 of its levels.
You also visited: Sewer.

You collected 415 gold pieces.

Inventory:

Hand Weapons
 a - a +1 war axe (weapon)
 f - a +0 war axe
 o - the +8 sling of the Abyss {vorpal, Will+ Stlth+}
   (You found it on level 2 of the Dungeon)

   Any ammunition fired from it inflicts extra damage upon your enemies.
   Will:      It increases your willpower.
   Stlth:     It makes you more stealthy.
 y - the +0 flail "Gargoyle's Regret" {vorpal, Str-2 Int+6 Dex+2 SInv}
   (You found it on level 5 of the Dungeon)

   It inflicts extra damage upon your enemies.
   Str:       It affects your strength (-2).
   Int:       It affects your intelligence (+6).
   Dex:       It affects your dexterity (+2).
   SInv:      It lets you see invisible.
Missiles
 l - 4 throwing nets (quivered)
Armour
 b - a +0 scale mail (worn)
 c - a +0 buckler (worn)
 e - a +2 pair of boots (worn)
 p - a +1 helmet (worn)
Jewellery
 m - a ring of resist corrosion (left hand)
 r - an amulet of faith (around neck)
 u - a ring of flight (right hand)
Wands
 g - a wand of flame (32)
 i - a wand of mindburst (23)
Scrolls
 h - a scroll of summoning
 t - 2 scrolls of teleportation
 w - 2 scrolls of identify
 x - a scroll of poison {unknown}
 z - a scroll of fog {unknown}
Potions
 d - a potion of lignification
 j - 3 potions of brilliance
 k - a potion of heal wounds {unknown}
 q - 2 potions of magic
 s - a potion of flight
 v - a potion of ambrosia


   Skills:
 + Level 6.1 Fighting
 + Level 8.1 Axes
 + Level 7.9 Armour
 + Level 5.3 Shields
 * Level 2.2 Evocations


You had 8 spell levels left.
You didn't know any spells.
Your spell library contained the following spells:

 Spells                   Type           Power      Damage    Failure   Level
 Shock                    Conj/Air       0%         1d3       77%         1
 Sting                    Tmut/Pois      0%         1d3       77%         1
 Ensorcelled Hibernation  Hex/Ice        0%         N/A       88%         2
 Passwall                 Tmut/Erth      0%         N/A       88%         2
 Poisonous Vapours        Pois/Air       0%         N/A       88%         2
 Ignite Poison            Fire/Tmut/Pois 0%         N/A       98%         3
 Mephitic Cloud           Conj/Pois/Air  0%         N/A       98%         3
 Swiftness                Air            0%         N/A       98%         3
 Airstrike                Air            0%         N/A       100%        4
 Olgreb's Toxic Radiance  Pois           0%         N/A       100%        4
 Freezing Cloud           Conj/Ice/Air   0%         6-21      100%        5


Dungeon Overview and Level Annotations

Branches:
Dungeon (6/15)             Temple (1/1) D:6           Sewer (visited)

Altars:
Ashenzari
Cheibriados
Dithmenos
Elyvilon
Fedhas
Gozag
Makhleb
Nemelex Xobeh
Okawaru
Qazlal
Ru
Sif Muna
Trog
Uskayaw
Vehumet
Wu Jian
Xom
Yredelemnul
Zin
The Shining One

Shops:
D:4 (


Innate Abilities, Weirdness & Mutations

You are immune to sickness and miasma.
Your stone body is resilient. (AC +6)
You are immune to poison.
You resist negative energy. (rN+)
You are resistant to electric shocks. (rElec)
You are resistant to unholy torment.
You are immune to petrification.


Message History

The wyvern barely misses you.
The wyvern bites you but does no damage.
You hit the wyvern but do no damage.
The wyvern is moderately wounded.
The wyvern bites you but does no damage.
The wyvern closely misses you.
You hit the wyvern.
The wyvern is moderately wounded.
The wyvern barely misses you. You block the wyvern's attack.
You hit the wyvern.
The wyvern is heavily wounded.
You block the wyvern's attack.
You hit the wyvern.
The wyvern is heavily wounded.
The wyvern bites you!
The wyvern bites you but does no damage.
You are too injured to fight recklessly!
You are too injured to fight recklessly!
You hit the wyvern.
The wyvern is severely wounded.
The wyvern bites you but does no damage. x2
You barely miss the wyvern.
The wyvern is severely wounded.
The wyvern bites you but does no damage.
The wyvern bites you!
* * * LOW HITPOINT WARNING * * *
You closely miss the wyvern.
The wyvern is severely wounded.
The wyvern bites you.
* * * LOW HITPOINT WARNING * * *
You feel better. You block the wyvern's attack. The wyvern bites you.
* * * LOW HITPOINT WARNING * * *
You hit the wyvern.
The wyvern is severely wounded.
The wyvern barely misses you.
The wyvern bites you but does no damage.
You hit the wyvern but do no damage.
The wyvern is severely wounded.
The wyvern bites you!
You die...

##..! #.#.#.#.# ..
.... #.#<#.#.# .
#..##.###.#.. ##.
#...#.....### ##..#
#.#..####.......
#....###....###.#####.
#...#...#..##.#
#.....#......#
##.@l#####...# #.....#
.....$. #...#...#
....... #....###....
...l... ##..#
#........... #..
........... #.
#./........ #. .....


You could see a wyvern.

Vanquished Creatures
  Pikel (D:4)
  The ghost of attentat the Skirmisher, a novice MiHu (D:4)
  Grinder (D:3)
  Eustachio (D:3)
  The ghost of jujuben the Shooter, an amateur GrHu of Hepliaklqana (D:4)
  Pargi (Sewer)
  2 black bears
  An ice beast (D:5)
  2 ogres
  A bullfrog (D:3)
  A necrophage (D:5)
  Blork the orc (D:4)
  2 scorpions
  The ghost of gdog the Covert, a weakling GnDe (D:3)
  2 hounds
  A jelly (D:3)
  A gnoll shaman (D:5)
  An iguana (D:5)
  Ijyb (D:3)
  An orc wizard (D:3)
  Robin (D:3)
  11 gnolls
  8 adders
  A white imp (D:6)
  2 ufetubi
  3 worms
  4 dart slugs
  6 orcs
  3 bats (D:1)
  An endoplasm (D:1)
  3 giant cockroaches
  10 goblins
  6 hobgoblins
  6 jackals
  7 quokkas
  3 ball pythons
  7 frilled lizards
  9 kobolds
  5 rats
120 creatures vanquished.

Vanquished Creatures (others)
  9 plants
9 creatures vanquished.

Grand Total: 129 creatures vanquished

Notes
Turn   | Place    | Note
-------+----------+-------------------------------------------
     0 | D:1      | bande the Gargoyle Fighter began the quest for the Orb.
     0 | D:1      | Reached XP level 1. HP: 14/14 MP: 1/1
   134 | D:1      | Reached XP level 2. HP: 17/19 MP: 2/2
   326 | D:1      | Reached skill level 2 in Axes
   720 | D:1      | Reached XP level 3. HP: 19/23 MP: 3/3
  1858 | D:2      | Reached XP level 4. HP: 20/29 MP: 4/4
  1983 | D:2      | Identified the +8 sling of the Abyss {vorpal, Will+ Stlth+}
  2062 | D:2      | Found a faded altar of an unknown god.
  2696 | D:3      | Found a runed translucent door.
  2699 | D:3      | Noticed a bullfrog
  2701 | D:3      | Noticed gdog's ghost (weakling GnDe)
  2714 | D:3      | Noticed Ijyb
  2718 | D:3      | Noticed Grinder
  2721 | D:3      | Reached skill level 3 in Axes
  2721 | D:3      | Reached XP level 5. HP: 31/33 MP: 5/5
  2756 | D:3      | Paralysed by Grinder for 3 turns
  2760 | D:3      | Paralysed by Grinder for 3 turns
  2770 | D:3      | Paralysed by Grinder for 3 turns
  2778 | D:3      | Killed Grinder
  2779 | D:3      | Reached skill level 4 in Axes
  2779 | D:3      | Reached skill level 5 in Armour
  2779 | D:3      | Reached XP level 6. HP: 4/38 MP: 6/6
  3085 | D:3      | Found a glowing drain.
  3104 | Sewer    | Entered a sewer
  3168 | Sewer    | Noticed Pargi
  3184 | Sewer    | Killed Pargi
  3495 | D:3      | Noticed Robin
  3516 | D:3      | Killed Robin
  3517 | D:3      | Reached XP level 7. HP: 27/44 MP: 7/7
  4228 | D:3      | Killed Ijyb
  4436 | D:3      | Killed gdog's ghost
  4437 | D:3      | Reached skill level 5 in Axes
  5286 | D:4      | Noticed Eustachio
  5643 | D:3      | Killed Eustachio
  5644 | D:3      | Reached XP level 8. HP: 22/48 MP: 8/8
  6127 | D:4      | Found a runed translucent door.
  6129 | D:4      | Noticed jujuben's ghost (amateur GrHu)
  6250 | D:4      | Reached skill level 5 in Fighting
  6250 | D:4      | Reached skill level 6 in Axes
  6503 | D:4      | Found Xeschets's Weapon Shop.
  6540 | D:4      | Noticed Pikel
  6573 | D:4      | Killed Pikel
  6883 | D:4      | Reached skill level 7 in Axes
  6883 | D:4      | Reached skill level 5 in Shields
  7406 | D:4      | Killed jujuben's ghost
  7407 | D:4      | Reached XP level 9. HP: 45/55 MP: 9/9
  7498 | D:5      | Entered Level 5 of the Dungeon
  7956 | D:5      | Found a large runed translucent door.
  7957 | D:5      | Found a large runed translucent door.
  7960 | D:5      | Noticed attentat's ghost (novice MiHu)
  7967 | D:5      | Reached skill level 1 in Evocations
  8275 | D:5      | Identified the +0 flail "Gargoyle's Regret" {vorpal, Str-2
                  | Int+6 Dex+2 SInv}
  8281 | D:5      | Noticed Blork the orc
  8325 | D:4      | Killed Blork the orc
  8793 | D:4      | Killed attentat's ghost
  8794 | D:4      | Reached skill level 8 in Axes
  9656 | D:6      | Found a staircase to the Ecumenical Temple.
  9669 | Temple   | Entered the Ecumenical Temple
 10025 | Temple   | Became a worshipper of Warmaster Okawaru
 10194 | D:6      | Mangled by a wyvern

Illustrated notes

Levels and vault maps discovered:
D:1:      heliophobic_arrival_battle_scene, layout_basic, serial_forest,
          infiniplex_forest_end_3, infiniplex_forest_clump_tiny,
          infiniplex_forest_zigzag_1, infiniplex_forest_lined_4_way,
          infiniplex_forest_lined_3, infiniplex_forest_corner_1,
          infiniplex_forest_zigzag_2, infiniplex_forest_lined_3_way
D:2:      layout_rooms, shapermc_ecumenical_altar_mp_vishouse,
          chequers_serial_rivers_small_b
D:3:      layout_basic, portal_sewer_entry_f, ebering_ghost_sewer_d,
          chequers_big_river, glass_columns_a, uniq_ijyb, uniq_robin,
          uniq_grinder
D:4:      layout_basic, ebering_ghost_inner_flame, serial_shops,
          nicolae_lakefront_shop, uniq_pikel, uniq_eustachio
D:5:      layout_gridville, serial_glass, glass_columns_a, glass_columns_c,
          glass_columns_c, glass_columns_b, glass_columns_b, glass_columns_a,
          item_on_display_a, item_on_display_a, ebering_ghost_disaster_area,
          nicolae_figureground_sparkle, uniq_blork_the_orc
D:6:      layout_basic, minmay_temple_entry_arrows, grunt_decor_arrowhead,
          hangedman_glass_teeth
Temple:   mainiacjoe_temple_big_plus

Skill      XL: |  1  2  3  4  5  6  7  8  9 |
---------------+----------------------------+-----
Axes           | 2 3 4 5 7 8 |  8.1
Armour         | 4 5 6 7 |  7.9
Fighting       | 4 5 6 |  6.1
Shields        | 4 5 |  5.3
Evocations     | 2 |  2.2

Action                   |  1- 3 |  4- 6 |  7- 9 || total
-------------------------+-------+-------+-------++-------
Melee: War axe           |    96 |   104 |   336 ||   536
  Use: Scroll            |       |     6 |     7 ||    13
       Potion            |       |     2 |     5 ||     7
Armor: Scale mail        |    77 |    68 |   267 ||   412
Dodge: Dodged            |    65 |    66 |   208 ||   339
Block: Buckler           |    26 |    29 |    99 ||   154

Table legend: (Time is in decaauts)
 A = Elapsed time spent in this place.
 B = Non-inter-level travel time spent in this place.
 C = Inter-level travel time spent in this place.
 D = Time resting spent in this place.
 E = Time spent auto-exploring this place.
 F = Levels seen in this place.
 G = Mean time per level.
                   A        B        C        D        E       F      G
               +--------+--------+--------+--------+--------+-----+--------+
         Total |  10384 |  10272 |    112 |   4465 |   3984 |   8 | 1298.0 |
       Dungeon |   9662 |   9629 |     33 |   4465 |   3446 |   6 | 1610.3 |
        Temple |    508 |    429 |     79 |      0 |    415 |   1 |  508.0 |
         Sewer |    213 |    213 |      0 |      0 |    123 |   1 |  213.0 |
               +--------+--------+--------+--------+--------+-----+--------+

Top non-repeatable levels by time:
     D:3: 3349 daAuts
     D:4: 2050 daAuts
     D:1: 1870 daAuts
     D:5: 1588 daAuts
     D:2: 685 daAuts
  Temple: 508 daAuts
   Sewer: 213 daAuts
     D:6: 117 daAuts
